AA CENTRAL
AMARILLO SOD POODLES @ ARKANSAS TRAVELERS
07/22/2041
 
TOP OF THE 1ST
Amarillo Sod Poodles batting - Pitching for Arkansas Travelers : LHP Phil Crowder
Pitching: LHP Phil Crowder
Batting: RHB Pancho Castellanos 0-0: Called Strike
0-1: Ground out 1-3 (Groundball, 13S, EV 70.6 MPH)
Batting: LHB Jared Gyll 0-0: Called Strike
0-1: Foul Ball, location: 23F
0-2: Strikes out looking
Batting: RHB José Elrayes 0-0: Ball
1-0: Ball
2-0: Swinging Strike
2-1: Foul Ball, location: 5F
2-2: Strikes out swinging
Top of the 1st over - 0 runs, 0 hits, 0 errors, 0 left on base; Amarillo 0 - Arkansas 0
BOTTOM OF THE 1ST
Arkansas Travelers batting - Pitching for Amarillo Sod Poodles : RHP Joe Griffin
Pitching: RHP Joe Griffin
Batting: RHB Doug Hawk 0-0: Foul Ball, location: 2F
0-1: Ball
1-1: Foul Ball, location: 2F
1-2: Strikes out swinging
Batting: SHB Junior Garrett 0-0: Foul Ball, location: 5F
0-1: Ball
1-1: Ground out 6-3 (Groundball, 6M, EV 83.1 MPH)
Batting: RHB Ric Dennis 0-0: Called Strike
0-1: Ball
1-1: Called Strike
1-2: Ball
2-2: Ground out 5-3 (Groundball, 56S, EV 70.0 MPH)
Bottom of the 1st over - 0 runs, 0 hits, 0 errors, 0 left on base; Amarillo 0 - Arkansas 0
TOP OF THE 2ND
Amarillo Sod Poodles batting - Pitching for Arkansas Travelers : LHP Phil Crowder
Batting: RHB Greg Jamison 0-0: Ball
1-0: Ball
2-0: Fly out, F8 (Flyball, 8RXD, EV 108.1 MPH)
Batting: SHB Joe Gibson 0-0: Called Strike
0-1: Called Strike
0-2: Ball
1-2: Ball
2-2: Ball
3-2: Base on Balls
Batting: RHB Stan Hammons 0-0: Ball
1-0: Ball
2-0: Foul Ball, location: 9LSF
2-1: Called Strike
2-2: Foul Ball, location: 3F
2-2: DOUBLE (Line Drive, 89XD, EV 99.4 MPH)
Joe Gibson to third
Runner from 3rd tries for Home, SAFE, throw by CF to home
Batting: RHB Phil MacNamara 0-0: Fly out, F9 (Flyball, 9, EV 83.1 MPH)
Batting: LHB José Luna 0-0: Ball
1-0: Ball
2-0: Ball
3-0: Called Strike
3-1: Base on Balls
Batting: RHB António Guerra 0-0: Called Strike
0-1: Ball
1-1: Swinging Strike
1-2: Strikes out swinging
Top of the 2nd over - 1 run, 1 hit, 0 errors, 2 left on base; Amarillo 1 - Arkansas 0
BOTTOM OF THE 2ND
Arkansas Travelers batting - Pitching for Amarillo Sod Poodles : RHP Joe Griffin
Batting: LHB Brad McParland 0-0: Ground out 4-3 (Groundball, 4D, EV 104.4 MPH)
Batting: LHB Greg Gibson 0-0: Ball
1-0: Called Strike
1-1: Swinging Strike
1-2: Strikes out swinging
Batting: RHB Xavier López 0-0: Ball
1-0: Foul Ball, location: 2F
1-1: Ball
2-1: Ball
3-1: Swinging Strike
3-2: Strikes out swinging
Bottom of the 2nd over - 0 runs, 0 hits, 0 errors, 0 left on base; Amarillo 1 - Arkansas 0
TOP OF THE 3RD
Amarillo Sod Poodles batting - Pitching for Arkansas Travelers : LHP Phil Crowder
Batting: RHB Pancho Castellanos 0-0: Called Strike
0-1: Ball
1-1: Foul Ball, location: 2F
1-2: Ball
2-2: Fly out, F8 (Flyball, 8RD, EV 96.3 MPH)
Batting: LHB Jared Gyll 0-0: Ball
1-0: Swinging Strike
1-1: Swinging Strike
1-2: Strikes out looking
Batting: RHB José Elrayes 0-0: Swinging Strike
0-1: Swinging Strike
0-2: Ball
1-2: Strikes out swinging
Top of the 3rd over - 0 runs, 0 hits, 0 errors, 0 left on base; Amarillo 1 - Arkansas 0
BOTTOM OF THE 3RD
Arkansas Travelers batting - Pitching for Amarillo Sod Poodles : RHP Joe Griffin
Batting: RHB Jesús Ferreira 0-0: Called Strike
0-1: Ball
1-1: Swinging Strike
1-2: Strikes out swinging
Batting: RHB Clarence Gedman 0-0: Called Strike
0-1: Ball
1-1: Fly out, F7 (Flyball, 7, EV 96.3 MPH)
Batting: RHB Josh Hannemann 0-0: Called Strike
0-1: Ball
1-1: Foul Ball, location: 25F
1-2: Ball
2-2: Strikes out swinging
Bottom of the 3rd over - 0 runs, 0 hits, 0 errors, 0 left on base; Amarillo 1 - Arkansas 0
TOP OF THE 4TH
Amarillo Sod Poodles batting - Pitching for Arkansas Travelers : LHP Phil Crowder
Batting: RHB Greg Jamison 0-0: Foul Ball, location: 2F
0-1: Foul Ball, location: 2RF
0-2: Fly out, F8 (Flyball, 8LXD, EV 99.4 MPH)
Batting: SHB Joe Gibson 0-0: Ball
1-0: Foul Ball, location: 9LMF
1-1: Foul Ball, location: 25FF
1-2: Strikes out swinging
Batting: RHB Stan Hammons 0-0: Foul Ball, location: 3F
0-1: Foul Ball, location: 25FF
0-2: Ball
1-2: Ball
2-2: Fly out, F6 (Popup, 4MS, EV 78.8 MPH)
Top of the 4th over - 0 runs, 0 hits, 0 errors, 0 left on base; Amarillo 1 - Arkansas 0
BOTTOM OF THE 4TH
Arkansas Travelers batting - Pitching for Amarillo Sod Poodles : RHP Joe Griffin
Batting: RHB Doug Hawk 0-0: Ground out 1-3 (Groundball, 15S, EV 70.6 MPH)
Batting: SHB Junior Garrett 0-0: Called Strike
0-1: Hit by Pitch
Batting: RHB Ric Dennis 0-0: Called Strike
0-1: Ball
1-1: Ball
2-1: DOUBLE (Line Drive, 7LD, EV 110.6 MPH)
Junior Garrett to third
Runner from 3rd tries for Home, SAFE, no throw by LF
Batting: LHB Brad McParland 0-0: DOUBLE (Flyball, 89D, EV 103.1 MPH)
Ric Dennis scores
Batting: LHB Greg Gibson 0-0: Fly out, F8 (Flyball, 8RXD, EV 80.6 MPH)
Runner from 2nd tags up, SAFE at 3rd, no throw by CF
Batting: RHB Xavier López 0-0: Called Strike
0-1: Swinging Strike
0-2: Foul Ball, location: 7LSF
0-2: Ball
1-2: Foul Ball, location: 2F
1-2: Ball
2-2: Fly out, F3 (Line Drive, 3L, EV 70.6 MPH)
Bottom of the 4th over - 2 runs, 2 hits, 0 errors, 1 left on base; Amarillo 1 - Arkansas 2
TOP OF THE 5TH
Amarillo Sod Poodles batting - Pitching for Arkansas Travelers : LHP Phil Crowder
Batting: RHB Phil MacNamara 0-0: Ball
1-0: Called Strike
1-1: Ball
2-1: Ball
3-1: Base on Balls
Batting: LHB José Luna 0-0: Ball
Phil MacNamara is caught stealing 2nd base 2-6
1-0: Ground out 3-1 (Groundball, 34S, EV 87.5 MPH)
Batting: RHB António Guerra 0-0: Ball
1-0: Ball
2-0: Ball
3-0: Base on Balls
Batting: RHB Pancho Castellanos 0-0: Ball
1-0: Ball
2-0: Ball
3-0: Base on Balls
António Guerra to second
Batting: LHB Jared Gyll 0-0: Ball
1-0: Ball
2-0: Ball
3-0: Base on Balls
António Guerra to third
Pancho Castellanos to second
Batting: RHB José Elrayes 0-0: Ball
1-0: Called Strike
1-1: Ball
2-1: Ball
3-1: Base on Balls
António Guerra scores
Pancho Castellanos to third
Jared Gyll to second
Pitching: RHP José Manuel
Pinch Hitting: LHB Chuck Gibson 0-0: Called Strike
0-1: Foul Ball, location: 2F
0-2: Fielders Choice at 2nd, 6-4 (Groundball, 6, EV 88.8 MPH)
Top of the 5th over - 1 run, 0 hits, 0 errors, 3 left on base; Amarillo 2 - Arkansas 2
BOTTOM OF THE 5TH
Arkansas Travelers batting - Pitching for Amarillo Sod Poodles : RHP Joe Griffin
Now at 3B: Chuck Gibson
Batting: RHB Jesús Ferreira 0-0: Called Strike
0-1: Foul Ball, location: 9LMF
0-2: Fly out, F9 (Line Drive, 89S, EV 91.9 MPH)
Batting: RHB Clarence Gedman 0-0: Ball
1-0: Called Strike
1-1: Called Strike
1-2: Strikes out looking
Batting: RHB Josh Hannemann 0-0: Called Strike
0-1: Foul Ball, location: 2F
0-2: Strikes out swinging
Bottom of the 5th over - 0 runs, 0 hits, 0 errors, 0 left on base; Amarillo 2 - Arkansas 2
TOP OF THE 6TH
Amarillo Sod Poodles batting - Pitching for Arkansas Travelers : RHP José Manuel
Batting: SHB Joe Gibson 0-0: Ball
1-0: Called Strike
1-1: Ball
2-1: Foul Ball, location: 5SF
2-2: Ball
3-2: Base on Balls
Batting: RHB Stan Hammons 0-0: Called Strike
0-1: Ball
1-1: Called Strike
1-2: SINGLE (Groundball, 3D, EV 98.8 MPH)
Joe Gibson to second
Runner from 2nd tries for 3rd, OUT! 9-5
Stan Hammons to second
Pinch Hitting: LHB Raúl Carrabello 0-0: Ball
1-0: Ball
2-0: Foul Ball, location: 7LSF
2-1: Ball
3-1: Base on Balls
Batting: LHB José Luna 0-0: Ball
1-0: Ball
2-0: Ball
3-0: Called Strike
3-1: Foul Ball, location: 7LSF
3-2: Base on Balls
Stan Hammons to third
Raúl Carrabello to second
Batting: RHB António Guerra 0-0: Ball
1-0: Called Strike
1-1: Ball
Wild Pitch!
Stan Hammons scores
Raúl Carrabello to third
José Luna to second
2-1: Foul Ball, location: 5F
2-2: Foul Ball, location: 2F
2-2: Ball
3-2: Strikes out swinging
Batting: RHB Pancho Castellanos 0-0: Called Strike
0-1: Ball
1-1: Ball
2-1: Foul Ball, location: 2F
2-2: Ball
3-2: Base on Balls
Batting: LHB Jared Gyll 0-0: Ball
1-0: Ball
2-0: Ground out U3 (Groundball, 3, EV 81.9 MPH)
Top of the 6th over - 1 run, 1 hit, 0 errors, 3 left on base; Amarillo 3 - Arkansas 2
BOTTOM OF THE 6TH
Arkansas Travelers batting - Pitching for Amarillo Sod Poodles : RHP Joe Griffin
Now in CF: Joe Fisher
Batting: RHB Doug Hawk 0-0: Called Strike
0-1: Called Strike
0-2: Ball
1-2: SINGLE (Line Drive, 3D, EV 108.8 MPH)
Batting: SHB Junior Garrett 0-0: Called Strike
0-1: Ball
1-1: Fly out, F5 (Popup, 5SF, EV 80.6 MPH)
Batting: RHB Ric Dennis 0-0: Called Strike
0-1: Ball
1-1: Ball
2-1: Called Strike
2-2: Grounds into double play, 6-4-3 (Groundball, 6, EV 98.8 MPH)
Bottom of the 6th over - 0 runs, 1 hit, 0 errors, 0 left on base; Amarillo 3 - Arkansas 2
TOP OF THE 7TH
Amarillo Sod Poodles batting - Pitching for Arkansas Travelers : RHP José Manuel
Pitching: RHP Stan Tutt
Batting: RHB José Elrayes 0-0: Swinging Strike
0-1: Foul Ball, location: 2LF
0-2: Ball
1-2: Foul Ball, location: 2F
1-2: Strikes out swinging
Batting: LHB Chuck Gibson 0-0: Ball
1-0: Foul Ball, location: 7LSF
1-1: SINGLE (Flyball, 8RS, EV 95.0 MPH)
Batting: SHB Joe Gibson 0-0: Ball
1-0: Swinging Strike
1-1: Foul Ball, location: 3SF
1-2: Strikes out looking
Batting: RHB Stan Hammons 0-0: Called Strike
0-1: Ball
1-1: Ball
2-1: Called Strike
2-2: Strikes out swinging
Top of the 7th over - 0 runs, 1 hit, 0 errors, 1 left on base; Amarillo 3 - Arkansas 2
BOTTOM OF THE 7TH
Arkansas Travelers batting - Pitching for Amarillo Sod Poodles : RHP Joe Griffin
Batting: LHB Brad McParland 0-0: Ground out 4-3 (Groundball, 4, EV 86.3 MPH)
Batting: LHB Greg Gibson 0-0: Ball
1-0: Ball
2-0: Called Strike
2-1: Fly out, F7 (Line Drive, 78M, EV 93.8 MPH)
Batting: RHB Xavier López 0-0: Ball
1-0: Ball
2-0: Foul Ball, location: 25FF
2-1: Ball
3-1: Called Strike
3-2: DOUBLE (Line Drive, 7LM, EV 100.0 MPH)
Batting: RHB Jesús Ferreira 0-0: Ball
1-0: Swinging Strike
1-1: Foul Ball, location: 25FF
1-2: Foul Ball, location: 7LSF
1-2: Hit by Pitch
Batting: RHB Clarence Gedman 0-0: Ball
1-0: Ball
2-0: Ball
3-0: Base on Balls
Xavier López to third
Jesús Ferreira to second
Pinch Hitting: LHB César Cervantes 0-0: Fly out, F5 (Popup, 5S, EV 76.9 MPH)
Bottom of the 7th over - 0 runs, 1 hit, 0 errors, 3 left on base; Amarillo 3 - Arkansas 2
TOP OF THE 8TH
Amarillo Sod Poodles batting - Pitching for Arkansas Travelers : RHP Stan Tutt
Now at SS: Ismael Ramos
Batting: LHB Joe Fisher 0-0: Ball
1-0: Ball
2-0: Ball
3-0: Called Strike
3-1: Called Strike
3-2: Strikes out looking
Batting: LHB José Luna 0-0: Foul Ball, location: 7LDF
0-1: Ball
1-1: Swinging Strike
1-2: Ball
2-2: Foul Ball, location: 3SF
2-2: Ball
3-2: Base on Balls
Batting: RHB António Guerra 0-0: Foul Ball, location: 7LMF
0-1: Ball
1-1: Fly out, F8 (Flyball, 8RD, EV 95.6 MPH)
Batting: RHB Pancho Castellanos 0-0: Foul Ball, location: 3F
0-1: Ball
1-1: Swinging Strike
1-2: Ball
2-2: Ball
3-2: Ground out 6-3 (Groundball, 6, EV 81.3 MPH)
Top of the 8th over - 0 runs, 0 hits, 0 errors, 1 left on base; Amarillo 3 - Arkansas 2
BOTTOM OF THE 8TH
Arkansas Travelers batting - Pitching for Amarillo Sod Poodles : RHP Joe Griffin
Batting: RHB Doug Hawk 0-0: Called Strike
0-1: Foul Ball, location: 9LSF
0-2: Ball
1-2: SOLO HOME RUN (Flyball, 8RXD, EV 113.8 MPH), Distance : 451 ft
Batting: SHB Junior Garrett 0-0: Ball
1-0: Ball
2-0: Called Strike
2-1: Swinging Strike
2-2: Ball
3-2: Foul Ball, location: 7LSF
3-2: Foul Ball, location: 2F
3-2: Base on Balls
Pitching: RHP Rodrigo Escobar
Batting: RHB Ric Dennis 0-0: Swinging Strike
0-1: Ball
1-1: Foul Ball, location: 3SF
1-2: Fielders Choice at 2nd, 6-4 (Groundball, 6M, EV 85.0 MPH)
Batting: LHB Brad McParland 0-0: Swinging Strike
0-1: Foul Ball, location: 7LSF
0-2: Foul Ball, location: 3SF
0-2: Fly out, F4 (Popup, 4M, EV 68.8 MPH)
Batting: LHB Greg Gibson 0-0: Ground out 4-3 (Groundball, 4, EV 100.6 MPH)
Bottom of the 8th over - 1 run, 1 hit, 0 errors, 1 left on base; Amarillo 3 - Arkansas 3
TOP OF THE 9TH
Amarillo Sod Poodles batting - Pitching for Arkansas Travelers : RHP Stan Tutt
Batting: LHB Jared Gyll 0-0: Ball
1-0: Called Strike
1-1: Fly out, F8 (Flyball, 78M, EV 88.8 MPH)
Pinch Hitting: SHB Tristan Hayes 0-0: Called Strike
0-1: Swinging Strike
0-2: Ball
1-2: Foul Ball, location: 2F
1-2: Foul Ball, location: 25FF
1-2: Ball
2-2: Strikes out swinging
Batting: LHB Chuck Gibson 0-0: Ball
1-0: Called Strike
1-1: Ball
2-1: Called Strike
2-2: Ball
3-2: Base on Balls
Batting: SHB Joe Gibson 0-0: Called Strike
0-1: Called Strike
0-2: Foul Ball, location: 3F
0-2: Ball
1-2: Foul Ball, location: 2F
1-2: Fly out, F9 (Flyball, 9D, EV 102.5 MPH)
Top of the 9th over - 0 runs, 0 hits, 0 errors, 1 left on base; Amarillo 3 - Arkansas 3
BOTTOM OF THE 9TH
Arkansas Travelers batting - Pitching for Amarillo Sod Poodles : RHP Rodrigo Escobar
Pitching: RHP Bobby Galloway
Now at 1B: Tristan Hayes
Pinch Hitting: LHB Jim Norton 0-0: Ball
1-0: Ball
2-0: Called Strike
2-1: Fly out, F7 (Flyball, 7S, EV 96.9 MPH)
Batting: RHB Jesús Ferreira 0-0: Ball
1-0: Ground out 6-3 (Groundball, 4M, EV 78.8 MPH)
Batting: RHB Clarence Gedman 0-0: Called Strike
0-1: Fly out, F9 (Flyball, 9, EV 87.5 MPH)
Bottom of the 9th over - 0 runs, 0 hits, 0 errors, 0 left on base; Amarillo 3 - Arkansas 3
TOP OF THE 10TH
Amarillo Sod Poodles batting - Pitching for Arkansas Travelers : RHP Stan Tutt
Pitching: LHP Artie Gómez
Now in RF: Juan Mora
Batting: RHB Stan Hammons 0-0: Ball
1-0: Ball
2-0: Ball
3-0: Called Strike
3-1: Foul Ball, location: 2F
3-2: Strikes out swinging
Batting: LHB Joe Fisher 0-0: Called Strike
0-1: Ball
1-1: Fly out, F6 (Popup, 6S, EV 68.8 MPH)
Pinch Hitting: RHB Manny Marroquín 0-0: Ball
1-0: Foul Ball, location: 7LSF
1-1: Foul Ball, location: 2F
1-2: Ball
2-2: Strikes out swinging
Top of the 10th over - 0 runs, 0 hits, 0 errors, 0 left on base; Amarillo 3 - Arkansas 3
BOTTOM OF THE 10TH
Arkansas Travelers batting - Pitching for Amarillo Sod Poodles : RHP Bobby Galloway
Now at SS: Luis Alvarado
Pinch Hitting: RHB Cristián Rodríguez 0-0: Ball
1-0: Fly out, F4 (Line Drive, 4, EV 71.9 MPH)
Batting: RHB Doug Hawk 0-0: Ball
1-0: Swinging Strike
1-1: Hit by Pitch
Batting: SHB Junior Garrett 0-0: Swinging Strike
0-1: Called Strike
Doug Hawk is caught stealing 2nd base 2-6
0-2: Foul Ball, location: 2F
0-2: Ball
1-2: Ground out 5-3 (Groundball, 56, EV 103.1 MPH)
Bottom of the 10th over - 0 runs, 0 hits, 0 errors, 0 left on base; Amarillo 3 - Arkansas 3
TOP OF THE 11TH
Amarillo Sod Poodles batting - Pitching for Arkansas Travelers : LHP Artie Gómez
Now at SS: Reggie Allen
Batting: RHB António Guerra 0-0: Ball
1-0: Ball
2-0: Called Strike
2-1: Ball
3-1: Foul Ball, location: 5FF
3-2: Ground out 6-3 (Groundball, 6D, EV 110.0 MPH)
Batting: RHB Pancho Castellanos 0-0: Ball
1-0: Ball
2-0: Ball
3-0: Called Strike
3-1: Base on Balls
Batting: LHB Jared Gyll 0-0: Called Strike
0-1: Ball
1-1: Bunted foul
1-2: Ball
2-2: DOUBLE (Flyball, 8RXD, EV 106.3 MPH)
Pancho Castellanos to third
Runner from 3rd tries for Home, SAFE, throw by CF to trailing runner, SAFE at third!
Batting: SHB Tristan Hayes 0-0: Ball
1-0: Called Strike
1-1: Ball
2-1: Swinging Strike
2-2: Ball
3-2: Foul Ball, location: 2F
3-2: Foul Ball, location: 2F
3-2: Base on Balls
Batting: LHB Chuck Gibson 0-0: Ball
1-0: Ball
2-0: Called Strike
Tristan Hayes steals 2nd base
2-1: Intentional Walk
Pitching: RHP Curt Owen
Batting: SHB Joe Gibson 0-0: Ball
1-0: Ball
2-0: Foul Ball, location: 7LDF
2-1: Ball
3-1: Called Strike
3-2: Strikes out swinging
Batting: RHB Stan Hammons 0-0: Ball
Wild Pitch!
Jared Gyll scores
Tristan Hayes to third
Chuck Gibson to second
1-0: Swinging Strike
1-1: Called Strike
1-2: Foul Ball, location: 2F
1-2: Strikes out swinging
Top of the 11th over - 2 runs, 1 hit, 0 errors, 2 left on base; Amarillo 5 - Arkansas 3
BOTTOM OF THE 11TH
Arkansas Travelers batting - Pitching for Amarillo Sod Poodles : RHP Bobby Galloway
Now at 2B: Dave Cantrell
Batting: RHB Ric Dennis 0-0: Fly out, F7 (Flyball, 7S, EV 88.8 MPH)
Batting: LHB Brad McParland 0-0: Called Strike
0-1: Called Strike
0-2: Foul Ball, location: 7LDF
0-2: Ground out 6-3 (Groundball, 6, EV 85.6 MPH)
Batting: LHB Greg Gibson 0-0: Ball
1-0: Ball
2-0: Foul Ball, location: 2F
2-1: Called Strike
2-2: Ball
3-2: Foul Ball, location: 23F
3-2: Base on Balls
Batting: RHB Juan Mora 0-0: Fielders Choice at 2nd, 5-4 (Groundball, 56, EV 84.4 MPH)
Bottom of the 11th over - 0 runs, 0 hits, 0 errors, 1 left on base; Amarillo 5 - Arkansas 3
Monday, April 1st , 2024 - OOTP Baseball 24.10 Build 82